 Dungeon Crawl Stone Soup version 0.28-a0-124-g73ec313a74 (webtiles) character file.

Game seed: 11372736494686113022

255 voltaire321 the Magician (level 5, -13/29 (30) HPs)
             Began as a Deep Elf Earth Elementalist on Aug 14, 2021.
             Mangled by a wight (19 damage)
             ... on level 5 of the Dungeon.
             The game lasted 00:08:44 (3085 turns).

voltaire321 the Magician (DEEE)                     Turns: 3085, Time: 00:08:45

HP:   -13/29 (30)   AC:  3    Str:  5    XL:     5   Next: 91%
MP:   13/13         EV: 13    Int: 21    God:
Gold: 140           SH:  5    Dex: 15    Spells: 6/12 levels left

rFire   . . .      SeeInvis .   m - +2 dagger (protect)
rCold   . . .      Faith    .   (no shield)
rNeg    . . .      Spirit   .   b - +0 robe
rPois   .          Reflect  +   (no helmet)
rElec   .          Harm     .   (no cloak)
rCorr   .          Rampage  .   h - +0 pair of gloves
Will    .....                   (no boots)
Stlth   ++........              l - amulet of reflection
HPRegen 0.09/turn               (no ring)
MPRegen 0.13/turn               (no ring)

@: lightly drained
A: no striking features
a: no special abilities


You were on level 5 of the Dungeon.
You visited 1 branch of the dungeon, and saw 5 of its levels.

You collected 140 gold pieces.

Inventory:

Hand Weapons
 m - a +2 dagger of protection (weapon)
 p - a +3 short sword
Missiles
 a - 8 poisoned darts
 c - 7 stones
Armour
 b - a +0 robe (worn)
 h - a +0 pair of gloves (worn)
Jewellery
 d - a +6 ring of strength
 l - an amulet of reflection (around neck)
Scrolls
 f - a scroll of amnesia {unknown}
 g - a scroll of enchant weapon {unknown}
 k - a scroll of magic mapping {unknown}
 o - a scroll of noise {unknown}
Potions
 e - a potion of invisibility {unknown}
 i - 2 potions of might {unknown}
 j - 3 potions of attraction {unknown}
 n - a potion of ambrosia {unknown}


   Skills:
 + Level 1.8 Fighting
 + Level 3.9 Dodging
 - Level 2.4 Stealth
 + Level 4.4 Spellcasting
 + Level 1.5 Conjurations
 + Level 2.7 Transmutations
 + Level 4.3 Earth Magic


You had 6 spell levels left.
You knew the following spells:

 Your Spells              Type           Power      Damage    Failure   Level
a - Sandblast             Erth           44%        2d11      1%          1
b - Passwall              Tmut/Erth      15%        N/A       4%          2
c - Stone Arrow           Conj/Erth      32%        3d9       11%         3

Your spell library contained the following spells:

 Spells                   Type           Power      Damage    Failure   Level
 Apportation              Tloc           8%         N/A       12%         1
 Petrify                  Tmut/Erth      19%        N/A       26%         4
 Call Canine Familiar     Summ           4%         N/A       34%         3
 Portal Projectile        Hex/Tloc       8%         N/A       34%         3
 Leda's Liquefaction      Hex/Erth       6%         N/A       43%         4
 Alistair's Intoxication  Tmut/Pois      6%         N/A       88%         5
 Invisibility             Hex            2%         N/A       100%        6


Dungeon Overview and Level Annotations

Branches:
Dungeon (6/15)
 Temple: D:4-7

Altars:
Wu Jian
The Shining One


Message History

You hear an angry growl. x2; You hear an angry hiss.
You hear a shout!
You hear a croak.
A scorpion comes into view.
A phantom comes into view.
Found a ruby potion.
Found a stone staircase leading down.
The phantom barely misses you.
Found an escape hatch in the floor.
A bullfrog comes into view.
The phantom hits you.
There is an escape hatch in the floor here.
The bullfrog snags a nearby mosquito with its tongue.
A wight comes into view.
It is wielding a +3 morningstar of freezing.
A black bear comes into view.
The phantom hits you!
The phantom blinks!
You blink.
A centaur skeleton comes into view.
The sentinel's mark upon you fades away.
Found an ivory wand.
Found a scroll labelled PAAGUL DILLOF.
Found 10 gold pieces.
Found an escape hatch in the ceiling.
The black bear growls angrily.
The bullfrog hits you.
There is an escape hatch in the ceiling here.
The bullfrog hits you. The bullfrog barely misses you.
The wight closely misses you. A mysterious force pulls you upwards.
The hatch slams shut behind you.
An iguana comes into view.
The helpless iguana fails to defend itself.
You hit the iguana.
Your weapon exudes an aura of protection.
The iguana is moderately wounded.
The bullfrog hits you but does no damage.
The wight hits you with a +1 great sword.
You feel drained. The iguana bites you. The bullfrog barely misses you.
The wight hits you with a +1 great sword.
* * * LOW HITPOINT WARNING * * *
The iguana misses you.
The wight hits you with a +1 great sword!!
Ouch! That really hurt!
You die...

#########
###..l....#
#...zF###.#
#.#.#@# #
#.#........
#.#####.###
#. ##


You could see a bullfrog, an iguana and a wight.

Vanquished Creatures
  2 orc priests (D:3)
  2 orc wizards (D:3)
  Robin (D:2)
  3 adders
  A worm (D:2)
  4 dart slugs
  11 orcs (D:3)
  6 bats
  2 endoplasms
  3 giant cockroaches
  12 goblins
  9 hobgoblins
  7 jackals (D:2)
  8 kobolds
  2 quokkas
  4 ball pythons
  5 frilled lizards
  6 rats
88 creatures vanquished.

Notes
Turn   | Place    | Note
-------+----------+-------------------------------------------
     0 | D:1      | voltaire321 the Deep Elf Earth Elementalist began the quest
                  | for the Orb.
     0 | D:1      | Reached XP level 1. HP: 10/10 MP: 6/6
   393 | D:1      | Reached XP level 2. HP: 14/15 MP: 6/8
   629 | D:1      | Found a faded altar of an unknown god.
   797 | D:2      | Reached XP level 3. HP: 20/20 MP: 7/9
  1074 | D:2      | Reached skill level 1 in Fighting
  1174 | D:2      | Found a glowing golden altar of the Shining One.
  1207 | D:2      | Learned a level 2 spell: Passwall
  1211 | D:2      | Learned a level 3 spell: Stone Arrow
  1314 | D:2      | Reached XP level 4. HP: 25/25 MP: 7/11
  1326 | D:2      | Noticed Robin
  1355 | D:2      | Killed Robin
  1908 | D:3      | Reached skill level 1 in Conjurations
  1908 | D:3      | Reached XP level 5. HP: 6/29 MP: 7/13
  2229 | D:3      | Found an ornate altar of the Wu Jian Council.
  3028 | D:3      | You fall into a shaft and drop 3 floors!
  3039 | D:6      | Noticed a phantom
  3054 | D:6      | Noticed a black bear
  3078 | D:6      | Noticed a black bear
  3082 | D:5      | Entered Level 5 of the Dungeon
  3085 | D:5      | Mangled by a wight

Illustrated notes

Levels and vault maps discovered:
D:1:      amcnicky_arrival_feature_with_door, layout_rooms,
          shapermc_ecumenical_altar_pompeii
D:2:      layout_basic, basic_altar, uniq_robin
D:3:      minmay_skewed_foursquare, layout_loops_cross, lemuel_round_altar
D:5:      layout_loops_corners, nicolae_stop_n_shop_2, minmay_misc_feat_tiny
D:6:      layout_basic, fedhas_ov_isle_minmay, grunt_dithmenos_shadows,
          minmay_quadrilaterals

Skill      XL: |  1  2  3  4 |
---------------+-------------+-----
Dodging        | 3 |  3.9
Fighting       | 1 |  1.8
Transmutations | 2 |  2.7
Earth Magic    | 4 |  4.3
Spellcasting   | 4 |  4.4
Conjurations   | 1 |  1.5
Stealth        | |  2.4

Action                   |  1- 3 |  4- 6 || total
-------------------------+-------+-------++-------
Melee: Dagger            |    10 |   139 ||   149
 Cast: Sandblast         |    62 |    35 ||    97
 Stab: Sleeping          |       |     2 ||     2
Armor: Robe              |     7 |    42 ||    49
Dodge: Dodged            |    22 |    63 ||    85
Block: Other             |       |    29 ||    29

Table legend: (Time is in decaauts)
 A = Elapsed time spent in this place.
 B = Non-inter-level travel time spent in this place.
 C = Inter-level travel time spent in this place.
 D = Time resting spent in this place.
 E = Time spent auto-exploring this place.
 F = Levels seen in this place.
 G = Mean time per level.
                   A        B        C        D        E       F      G
               +--------+--------+--------+--------+--------+-----+--------+
         Total |   3084 |   2934 |    150 |   1238 |    976 |   5 |  616.8 |
       Dungeon |   3084 |   2934 |    150 |   1238 |    976 |   5 |  616.8 |
               +--------+--------+--------+--------+--------+-----+--------+

Top non-repeatable levels by time:
     D:3: 1237 daAuts
     D:2: 945 daAuts
     D:1: 844 daAuts
     D:6: 53 daAuts
     D:5: 2 daAuts
